Tucson Roadrunners vs Long Beach Ice Dogs
Created - Saturday, March 25, 2023 at 08:48
Goals
|
| Tucson Roadrunners |
0 |
1 |
3 |
4 |
| Long Beach Ice Dogs |
3 |
3 |
1 |
7 |
|
Shots
|
| Tucson Roadrunners |
10 |
13 |
10 |
33 |
| Long Beach Ice Dogs |
17 |
11 |
14 |
42 |
|
1st period
1. Long Beach Ice Dogs , Darren Helm 5 (Gabriel Vilardi 7, Brendan Gallagher 6) at 3:57 (PP)
2. Long Beach Ice Dogs , Brendan Gallagher 4 (Gabriel Vilardi 8) at 13:01
3. Long Beach Ice Dogs , Gabriel Vilardi 6 (Brendan Gallagher 7, William Lagesson 3) at 17:45
Penalties :
William Carrier (TRR) for Hooking (Minor) at 3:47, Nicolas Meloche (TRR) for Hooking (Minor) at 18:35
2nd period
4. Tucson Roadrunners , Matthew Nieto 11 (Rocco Grimaldi 8, Riley Nash 6) at 2:13
5. Long Beach Ice Dogs , Victor Rask 2 (Zack Kassian 2, Mark Pysyk 5) at 3:34
6. Long Beach Ice Dogs , Victor Rask 3 (Zack Kassian 3, Mark Pysyk 6) at 14:37 (PP)
7. Long Beach Ice Dogs , Brendan Gallagher 5 (Riley Stillman 4, Gabriel Vilardi 9) at 15:48
Penalties :
Nicolas Meloche (TRR) for Holding (Minor) at 5:18, Trey Fix-Wolansky (TRM) for Roughing (Minor) at 10:46, Robert Hagg (TRR) for Hooking (Minor) at 14:00, Riley Stillman (TRM) for Fighting (Major) at 15:55, Nicolas Meloche (TRR) for Fighting (Major) at 15:55, Nicolas Meloche (TRR) for instigated a fight (Minor) at 15:55, Nicolas Meloche (TRR) for instigated a fight (10 Minutes Misconduct) at 15:55
3rd period
8. Tucson Roadrunners , William Carrier 8 (Matthew Highmore 2, Justin Danforth 5) at 2:09
9. Tucson Roadrunners , Rocco Grimaldi 2 (Riley Nash 7) at 6:16
10. Tucson Roadrunners , Rocco Grimaldi 3 (Michal Kempny 1) at 18:20
11. Long Beach Ice Dogs , Alex Galchenyuk 2 (Zack Kassian 4) at 19:17 (PP)
Penalties :
Zack Kassian (TRM) for Hooking (Minor) at 3:48, William Carrier (TRR) for Hooking (Minor) at 11:30, Logan Brown (TRM) for High sticking (Minor) at 14:20, Nicolas Meloche (TRR) for Tripping (Minor) at 18:47
Goalie Stats
Jaroslav Halak (TRR), 16 saves from 18 shots - (0.889), 25:23 minutes
Martin Jones (TRR), 19 saves from 24 shots - (0.792), L, 4-2-2, 34:37 minutes
Spencer Martin (TRM), 29 saves from 33 shots - (0.879), W, 5-6-0, 60:00 minutes
Players Stats for Tucson Roadrunners
Player Name G A P +/- PIM S H SB GA TA FO MP PP MP PK MP
------------------------------------------------------------------------------------
Cameron Hughes 0 0 0 0 0 0 0 0 0 1 0/1 6:04 0:00 0:00
Cole Koepke 0 0 0 0 0 0 0 0 0 0 0/0 2:31 0:17 0:00
Johnathan Kovacevic 0 0 0 1 0 0 0 2 0 1 0/0 14:46 0:00 4:10
Jonathan Dahlen 0 0 0 -2 0 1 0 0 2 0 0/0 11:47 0:00 0:00
Justin Danforth 0 1 1 0 0 5 2 0 0 1 8/16 16:38 3:11 0:00
Marian Studenic 0 0 0 -2 0 1 0 0 0 0 0/0 11:47 0:00 0:00
Matthew Highmore 0 1 1 0 0 0 2 0 0 1 0/0 18:02 3:11 1:17
Matthew Nieto 1 0 1 2 0 3 3 1 1 0 1/10 25:00 2:46 5:41
Michal Kempny 0 1 1 0 0 1 0 1 0 3 0/0 22:09 2:54 3:37
Mikhail Maltsev 0 0 0 -2 0 1 1 0 0 1 3/10 13:37 0:00 1:39
Nick Seeler 0 0 0 2 0 1 1 0 1 0 0/0 14:29 0:51 0:18
Nicolas Meloche 0 0 0 -2 23 2 4 1 1 2 0/0 18:29 2:12 1:49
Riley Nash 0 2 2 2 0 1 1 0 0 1 12/23 21:13 2:29 5:30
Robert Hagg 0 0 0 -1 2 5 1 0 0 0 0/0 28:33 3:31 5:08
Rocco Grimaldi 2 1 3 2 0 6 2 0 2 1 2/2 18:01 2:46 2:30
Scott Reedy 0 0 0 0 0 2 1 0 0 0 0/0 7:00 0:00 0:02
Simon Benoit 0 0 0 0 0 0 3 0 0 0 0/0 21:29 2:26 3:24
William Carrier 1 0 1 0 4 4 1 0 1 1 0/0 19:05 3:11 1:47
Players Stats for Long Beach Ice Dogs
Player Name G A P +/- PIM S H SB GA TA FO MP PP MP PK MP
------------------------------------------------------------------------------------
Alex Galchenyuk 1 0 1 -2 0 3 3 1 1 0 1/3 18:05 3:59 1:35
Brendan Gallagher 2 2 4 2 0 4 4 2 1 1 1/5 23:00 5:11 3:04
Darren Helm 1 0 1 2 0 2 3 0 0 2 3/4 21:10 5:04 1:36
Gabriel Vilardi 1 3 4 2 0 6 1 0 4 0 18/30 22:50 5:04 3:23
Jansen Harkins 0 0 0 0 0 2 1 0 0 0 0/0 9:34 0:00 0:00
Jujhar Khaira 0 0 0 0 0 2 1 0 0 0 0/0 8:32 0:10 0:00
Justin Schultz 0 0 0 -1 0 0 1 3 3 0 0/0 29:58 6:34 3:33
Logan Brown 0 0 0 0 2 9 1 0 1 0 6/7 11:16 0:00 0:46
Mark Pysyk 0 2 2 -1 0 2 1 2 0 3 0/0 29:26 6:34 3:33
Mathieu Olivier 0 0 0 0 0 3 3 0 1 1 0/0 9:37 0:03 0:00
Olli Juolevi 0 0 0 0 0 0 1 0 0 0 0/0 12:28 0:44 0:00
Riley Stillman 0 1 1 1 5 1 2 1 0 0 0/0 17:27 1:55 2:24
Shane Bowers 0 0 0 0 0 0 0 0 1 0 2/3 8:32 0:10 0:00
Trey Fix-Wolansky 0 0 0 0 2 1 0 0 1 0 0/0 8:07 0:00 0:00
Victor Rask 2 0 2 -2 0 5 1 0 0 1 5/10 17:17 3:59 1:30
William Lagesson 0 1 1 1 0 0 0 1 0 0 0/0 20:06 2:39 2:24
Yan Kuznetsov 0 0 0 0 0 1 1 0 0 0 0/0 10:34 0:00 0:00
Zack Kassian 0 3 3 -2 2 1 4 0 0 0 0/0 16:00 3:59 0:00
3 Stars
1 - Brendan Gallagher (TRM)
2 - Gabriel Vilardi (TRM)
3 - Rocco Grimaldi (TRR)
Power Play
Tucson Roadrunners - 0 on 3 Attempt(s) - 0.00%
Long Beach Ice Dogs - 3 on 7 Attempt(s) - 42.86%
Penalty Kill
Tucson Roadrunners - 4 on 7 Attempt(s) - 57.14%
- Score 0 goal in Penalty Kill
Long Beach Ice Dogs - 3 on 3 Attempt(s) - 100.00%
- Score 0 goal in Penalty Kill
Team Stat
Tucson Roadrunners - Hits : 22 - Faceoff Wins : 26 - Blocked Shots : 5 - Penalty Minutes : 29
Long Beach Ice Dogs - Hits : 28 - Faceoff Wins : 36 - Blocked Shots : 10 - Penalty Minutes : 11
Official
Referees : Dan O'Rourke and Kyle Rehman
Linesman : Mark Wheler and Thor Nelson
Game Notes
Jaroslav Halak enters game at 14:37 of 2nd period
Riley Stillman beats up Nicolas Meloche at 15:55 of 2nd period
Tucson Roadrunners
5 vs 5 Forward
Center Left Wing Right Wing Time % Phy DF OF
1 Riley Nash Matthew Nieto Rocco Grimaldi 40 1 2 2
2 Justin Danforth William Carrier Matthew Highmore 30 1 2 2
3 Mikhail Maltsev Jonathan Dahlen Marian Studenic 20 1 2 2
4 Scott Reedy Cameron Hughes Matthew Nieto 10 1 2 2
5 vs 5 Defense
Defense Defense Time % Phy DF OF
1 Robert Hagg Nicolas Meloche 40 1 2 2
2 Simon Benoit Michal Kempny 30 1 2 2
3 Nick Seeler Johnathan Kovacevic 20 1 2 2
4 Robert Hagg Nicolas Meloche 10 1 2 2
PowerPlay Forward
Center Left Wing Right Wing Time % Phy DF OF
1 Riley Nash Matthew Nieto Rocco Grimaldi 60 1 2 2
2 Justin Danforth William Carrier Matthew Highmore 40 1 2 2
PowerPlay Defense
Defense Defense Time % Phy DF OF
1 Robert Hagg Nicolas Meloche 60 1 2 2
2 Simon Benoit Michal Kempny 40 1 2 2
Penalty Kill 4 Players Forward
Center Wing Time % Phy DF OF
1 Matthew Nieto Riley Nash 60 1 2 2
2 Rocco Grimaldi William Carrier 40 1 2 2
Penalty Kill 4 Players Defense
Defense Defense Time % Phy DF OF
1 Robert Hagg Nicolas Meloche 60 1 2 2
2 Simon Benoit Michal Kempny 40 1 2 2
Penalty Kill - 3 Players Forward
Forward Time % Phy DF OF
1 Matthew Nieto 60 1 2 2
2 Riley Nash 40 1 2 2
Penalty Kill - 3 Players Defense
Defense Defense Time % Phy DF OF
1 Robert Hagg Nicolas Meloche 60 1 2 2
2 Simon Benoit Michal Kempny 40 1 2 2
4 vs 4 Forward
Center Wing Time % Phy DF OF
1 Matthew Nieto Riley Nash 60 1 2 2
2 Rocco Grimaldi William Carrier 40 1 2 2
4 vs 4 Defense
Defense Defense Time % Phy DF OF
1 Robert Hagg Nicolas Meloche 60 1 2 2
2 Simon Benoit Michal Kempny 40 1 2 2
Last Minutes Offensive
Center Left Wing Right Wing Defense Defense
Riley Nash Matthew Nieto Rocco Grimaldi Robert Hagg Nicolas Meloche
Last Minutes Defensive
Center Left Wing Right Wing Defense Defense
Riley Nash Matthew Nieto Rocco Grimaldi Robert Hagg Nicolas Meloche
Goaltenders
Starting : Martin Jones
Backup : Jaroslav Halak
Extra Forwards
Normal : Cole Koepke, Jonathan Dahlen, Mikhail Maltsev - PP : Cole Koepke, Jonathan Dahlen - PK : Mikhail Maltsev
Extra Defensemen
Normal : Nick Seeler, Johnathan Kovacevic, Simon Benoit - PP : Nick Seeler - PK : Johnathan Kovacevic, Simon Benoit
Penalty Shots
Matthew Nieto, Riley Nash, Rocco Grimaldi, William Carrier, Jonathan Dahlen
Long Beach Ice Dogs
5 vs 5 Forward
Center Left Wing Right Wing Time % Phy DF OF
1 Gabriel Vilardi Darren Helm Brendan Gallagher 40 1 2 2
2 Victor Rask Alex Galchenyuk Zack Kassian 30 1 2 2
3 Logan Brown Jansen Harkins Mathieu Olivier 20 1 2 2
4 Shane Bowers Jujhar Khaira Trey Fix-Wolansky 10 1 2 2
5 vs 5 Defense
Defense Defense Time % Phy DF OF
1 Mark Pysyk Justin Schultz 40 1 2 2
2 Riley Stillman William Lagesson 30 1 2 2
3 Olli Juolevi Yan Kuznetsov 20 1 2 2
4 Mark Pysyk Justin Schultz 10 1 2 2
PowerPlay Forward
Center Left Wing Right Wing Time % Phy DF OF
1 Gabriel Vilardi Darren Helm Brendan Gallagher 60 1 2 2
2 Victor Rask Alex Galchenyuk Zack Kassian 40 1 2 2
PowerPlay Defense
Defense Defense Time % Phy DF OF
1 Mark Pysyk Justin Schultz 60 1 2 2
2 Riley Stillman William Lagesson 40 1 2 2
Penalty Kill 4 Players Forward
Center Wing Time % Phy DF OF
1 Brendan Gallagher Gabriel Vilardi 60 1 2 2
2 Darren Helm Victor Rask 40 1 2 2
Penalty Kill 4 Players Defense
Defense Defense Time % Phy DF OF
1 Mark Pysyk Justin Schultz 60 1 2 2
2 Riley Stillman William Lagesson 40 1 2 2
Penalty Kill - 3 Players Forward
Forward Time % Phy DF OF
1 Brendan Gallagher 60 1 2 2
2 Gabriel Vilardi 40 1 2 2
Penalty Kill - 3 Players Defense
Defense Defense Time % Phy DF OF
1 Mark Pysyk Justin Schultz 60 1 2 2
2 Riley Stillman William Lagesson 40 1 2 2
4 vs 4 Forward
Center Wing Time % Phy DF OF
1 Brendan Gallagher Gabriel Vilardi 60 1 2 2
2 Darren Helm Victor Rask 40 1 2 2
4 vs 4 Defense
Defense Defense Time % Phy DF OF
1 Mark Pysyk Justin Schultz 60 1 2 2
2 Riley Stillman William Lagesson 40 1 2 2
Last Minutes Offensive
Center Left Wing Right Wing Defense Defense
Gabriel Vilardi Darren Helm Brendan Gallagher Mark Pysyk Justin Schultz
Last Minutes Defensive
Center Left Wing Right Wing Defense Defense
Gabriel Vilardi Darren Helm Brendan Gallagher Mark Pysyk Justin Schultz
Goaltenders
Starting : Spencer Martin
Backup : Lukas Dostal
Extra Forwards
Normal : Shane Bowers, Jujhar Khaira, Logan Brown - PP : Shane Bowers, Jujhar Khaira - PK : Logan Brown
Extra Defensemen
Normal : Olli Juolevi, Yan Kuznetsov, Riley Stillman - PP : Olli Juolevi - PK : Yan Kuznetsov, Riley Stillman
Penalty Shots
Brendan Gallagher, Gabriel Vilardi, Darren Helm, Victor Rask, Alex Galchenyuk
% Time on Ice - Tucson Roadrunners
Lines # - Real PCT - Wanted PCT - Time Play
Normal Forward
1 - 30% - 40% - 13:26
2 - 30% - 30% - 13:33
3 - 26% - 20% - 11:47
4 - 14% - 10% - 6:04
Normal Defense
1 - 44% - 40% - 19:40
2 - 32% - 30% - 14:12
3 - 19% - 20% - 8:21
4 - 6% - 10% - 2:37
PP Forward
1 - 46% - 60% - 2:46
2 - 54% - 40% - 3:11
PP Defense
1 - 62% - 60% - 3:40
2 - 38% - 40% - 2:17
PK Forward
1 - 73% - 60% - 6:43
2 - 27% - 40% - 2:30
PK Defense
1 - 66% - 60% - 6:03
2 - 34% - 40% - 3:10
PK3 Forward
1 - 0% - 60%
2 - 0% - 40%
PK3 Defense
1 - 0% - 60%
2 - 0% - 40%
44 Forward
1 - 0% - 60%
2 - 0% - 40%
44 Defense
1 - 0% - 60%
2 - 0% - 40%
Last Minute Offensive - 0:00
Last Minute Defensive - 0:00
Total
Forward - 60:00
Defense - 60:00
|
% Time on Ice - Long Beach Ice Dogs
Lines # - Real PCT - Wanted PCT - Time Play
Normal Forward
1 - 35% - 40% - 15:42
2 - 26% - 30% - 11:48
3 - 21% - 20% - 9:34
4 - 17% - 10% - 7:46
Normal Defense
1 - 40% - 40% - 17:47
2 - 34% - 30% - 15:07
3 - 24% - 20% - 10:39
4 - 3% - 10% - 1:17
PP Forward
1 - 57% - 60% - 5:14
2 - 43% - 40% - 3:59
PP Defense
1 - 71% - 60% - 6:34
2 - 29% - 40% - 2:39
PK Forward
1 - 75% - 60% - 4:27
2 - 25% - 40% - 1:30
PK Defense
1 - 60% - 60% - 3:33
2 - 40% - 40% - 2:24
PK3 Forward
1 - 0% - 60%
2 - 0% - 40%
PK3 Defense
1 - 0% - 60%
2 - 0% - 40%
44 Forward
1 - 0% - 60%
2 - 0% - 40%
44 Defense
1 - 0% - 60%
2 - 0% - 40%
Last Minute Offensive - 0:00
Last Minute Defensive - 0:00
Total
Forward - 60:00
Defense - 60:00
|
Play-by-Play
1st period
0:01 of 1st period - Riley Nash wins face-off versus Gabriel Vilardi in neutral zone.
0:11 of 1st period - Snap shot by Rocco Grimaldi.
0:11 of 1st period - Shot Misses the Net.
0:13 of 1st period - Wrist shot by Riley Nash.
0:13 of 1st period - Shot Misses the Net.
0:15 of 1st period - Snap shot by Matthew Nieto.
0:15 of 1st period - Stopped by Spencer Martin without a rebound.
0:16 of 1st period - Justin Danforth wins face-off versus Victor Rask in Long Beach Ice Dogs zone.
0:27 of 1st period - Snap shot by Victor Rask.
0:27 of 1st period - Shot Misses the Net.
1:04 of 1st period - Snap shot by Matthew Nieto.
1:04 of 1st period - Stopped by Spencer Martin with a rebound.
1:22 of 1st period - Yan Kuznetsov is hit by Nicolas Meloche and loses puck.
2:37 of 1st period - Snap shot by Scott Reedy.
2:37 of 1st period - Stopped by Spencer Martin with a rebound.
2:47 of 1st period - Snap shot by Trey Fix-Wolansky.
2:47 of 1st period - Stopped by Martin Jones with a rebound.
2:49 of 1st period - Slapshot by Mark Pysyk.
2:49 of 1st period - Stopped by Martin Jones with a rebound.
3:30 of 1st period - Off-side.
3:31 of 1st period - Justin Danforth wins face-off versus Darren Helm in neutral zone.
3:37 of 1st period - Icing by Gabriel Vilardi.
3:38 of 1st period - Darren Helm wins face-off versus Justin Danforth in Long Beach Ice Dogs zone.
3:38 of 1st period - Darren Helm is hit by Matthew Highmore.
3:47 of 1st period - Minor Penalty to William Carrier for Hooking.
3:48 of 1st period - Gabriel Vilardi wins face-off versus Matthew Nieto in Tucson Roadrunners zone.
3:55 of 1st period - Slapshot by Gabriel Vilardi.
3:55 of 1st period - Stopped by Martin Jones with a rebound.
3:57 of 1st period - Wrist shot by Darren Helm.
3:57 of 1st period - Goal by Darren Helm - Tucson Roadrunners : 0 - Long Beach Ice Dogs : 1.
3:58 of 1st period - Darren Helm wins face-off versus Riley Nash in neutral zone.
4:25 of 1st period - Matthew Highmore is hit by Zack Kassian and loses puck.
4:36 of 1st period - Snap shot by Zack Kassian.
4:36 of 1st period - Stopped by Martin Jones with a rebound.
4:54 of 1st period - Robert Hagg is hit by Mathieu Olivier.
5:14 of 1st period - Off-side.
5:15 of 1st period - Shane Bowers wins face-off versus Riley Nash in neutral zone.
5:40 of 1st period - Nick Seeler is hit by Darren Helm and loses puck.
6:05 of 1st period - Wrist shot by Marian Studenic.
6:05 of 1st period - Stopped by Spencer Martin with a rebound.
6:07 of 1st period - Snap shot by Johnathan Kovacevic.
6:07 of 1st period - Shot Misses the Net.
6:09 of 1st period - Slapshot by Nick Seeler.
6:09 of 1st period - Stopped by Spencer Martin with a rebound.
6:29 of 1st period - Nicolas Meloche is hit by Jansen Harkins and loses puck.
8:09 of 1st period - Jujhar Khaira is hit by Nicolas Meloche and loses puck.
8:32 of 1st period - Justin Danforth is hit by Brendan Gallagher and loses puck.
8:55 of 1st period - Wrist shot by Jansen Harkins.
8:55 of 1st period - Shot Misses the Net.
9:05 of 1st period - Riley Nash is hit by Riley Stillman and loses puck.
10:06 of 1st period - Marian Studenic is hit by Darren Helm and loses puck.
10:19 of 1st period - Nicolas Meloche is hit by Zack Kassian and loses puck.
10:32 of 1st period - Riley Stillman is hit by Scott Reedy and loses puck.
10:47 of 1st period - Matthew Highmore is hit by Mathieu Olivier and loses puck.
11:52 of 1st period - Icing by Mark Pysyk.
11:53 of 1st period - Riley Nash wins face-off versus Shane Bowers in Long Beach Ice Dogs zone.
12:00 of 1st period - Wrist shot by Rocco Grimaldi.
12:00 of 1st period - Stopped by Spencer Martin without a rebound.
12:01 of 1st period - Gabriel Vilardi wins face-off versus Mikhail Maltsev in Long Beach Ice Dogs zone.
12:18 of 1st period - Mikhail Maltsev is hit by Riley Stillman and loses puck.
12:29 of 1st period - Wrist shot by Logan Brown.
12:29 of 1st period - Stopped by Martin Jones with a rebound.
12:31 of 1st period - Slapshot by Logan Brown.
12:31 of 1st period - Shot Misses the Net.
12:33 of 1st period - Snap shot by Logan Brown.
12:33 of 1st period - Shot Blocked by Michal Kempny.
12:35 of 1st period - Wrist shot by Mathieu Olivier.
12:35 of 1st period - Stopped by Martin Jones without a rebound.
12:36 of 1st period - Logan Brown wins face-off versus Riley Nash in Tucson Roadrunners zone.
12:39 of 1st period - Wrist shot by Logan Brown.
12:39 of 1st period - Stopped by Martin Jones with a rebound.
12:47 of 1st period - Snap shot by Logan Brown.
12:47 of 1st period - Stopped by Martin Jones without a rebound.
12:48 of 1st period - Gabriel Vilardi wins face-off versus Riley Nash in Tucson Roadrunners zone.
12:51 of 1st period - Snap shot by Brendan Gallagher.
12:51 of 1st period - Shot Misses the Net.
12:59 of 1st period - Snap shot by Gabriel Vilardi.
12:59 of 1st period - Stopped by Martin Jones with a rebound.
13:01 of 1st period - Wrist shot by Brendan Gallagher.
13:01 of 1st period - Goal by Brendan Gallagher - Tucson Roadrunners : 0 - Long Beach Ice Dogs : 2.
13:02 of 1st period - Gabriel Vilardi wins face-off versus Riley Nash in neutral zone.
13:51 of 1st period - Jansen Harkins is hit by Mikhail Maltsev and loses puck.
14:14 of 1st period - Snap shot by Matthew Nieto.
14:14 of 1st period - Shot Misses the Net.
14:16 of 1st period - Slapshot by Robert Hagg.
14:16 of 1st period - Shot Blocked by William Lagesson.
14:18 of 1st period - Slapshot by Nicolas Meloche.
14:18 of 1st period - Stopped by Spencer Martin with a rebound.
14:30 of 1st period - Slapshot by William Carrier.
14:30 of 1st period - Stopped by Spencer Martin with a rebound.
14:32 of 1st period - Snap shot by Matthew Highmore.
14:32 of 1st period - Shot Blocked by Riley Stillman.
14:42 of 1st period - Snap shot by Jonathan Dahlen.
14:42 of 1st period - Stopped by Spencer Martin without a rebound.
14:43 of 1st period - Victor Rask wins face-off versus Mikhail Maltsev in Long Beach Ice Dogs zone.
14:45 of 1st period - Icing by Alex Galchenyuk.
14:46 of 1st period - Mikhail Maltsev wins face-off versus Alex Galchenyuk in Long Beach Ice Dogs zone.
15:19 of 1st period - Wrist shot by Victor Rask.
15:19 of 1st period - Stopped by Martin Jones with a rebound.
15:21 of 1st period - Snap shot by Olli Juolevi.
15:21 of 1st period - Shot Misses the Net.
15:23 of 1st period - Wrist shot by Victor Rask.
15:23 of 1st period - Stopped by Martin Jones with a rebound.
15:25 of 1st period - Slapshot by Victor Rask.
15:25 of 1st period - Stopped by Martin Jones with a rebound.
15:27 of 1st period - Snap shot by Alex Galchenyuk.
15:27 of 1st period - Stopped by Martin Jones without a rebound.
15:28 of 1st period - Gabriel Vilardi wins face-off versus Riley Nash in Tucson Roadrunners zone.
15:55 of 1st period - Justin Schultz is hit by Justin Danforth.
16:53 of 1st period - Wrist shot by Victor Rask.
16:53 of 1st period - Shot Misses the Net.
17:33 of 1st period - Slapshot by Jujhar Khaira.
17:33 of 1st period - Stopped by Martin Jones with a rebound.
17:45 of 1st period - Wrist shot by Gabriel Vilardi.
17:45 of 1st period - Goal by Gabriel Vilardi - Tucson Roadrunners : 0 - Long Beach Ice Dogs : 3.
17:46 of 1st period - Justin Danforth wins face-off versus Gabriel Vilardi in neutral zone.
17:53 of 1st period - Snap shot by William Carrier.
17:53 of 1st period - Stopped by Spencer Martin with a rebound.
18:11 of 1st period - Nicolas Meloche is hit by Justin Schultz and loses puck.
18:35 of 1st period - Minor Penalty to Nicolas Meloche for Hooking.
18:36 of 1st period - Matthew Nieto wins face-off versus Gabriel Vilardi in Tucson Roadrunners zone.
19:02 of 1st period - Matthew Nieto is hit by Zack Kassian.
19:56 of 1st period - Riley Stillman is hit by William Carrier and loses puck.
Goals for this period are 0 for Tucson Roadrunners vs 3 for Long Beach Ice Dogs.
Shots for this period are 10 for Tucson Roadrunners vs 17 for Long Beach Ice Dogs.
2nd period
0:01 of 2nd period - Gabriel Vilardi wins face-off versus Matthew Nieto in neutral zone.
0:34 of 2nd period - Snap shot by Victor Rask.
0:34 of 2nd period - Shot Misses the Net.
0:35 of 2nd period - Penalty to Nicolas Meloche is over, Nicolas Meloche is back on ice.
0:36 of 2nd period - Slapshot by Mark Pysyk.
0:36 of 2nd period - Shot Misses the Net.
0:56 of 2nd period - Wrist shot by Logan Brown.
0:56 of 2nd period - Stopped by Martin Jones with a rebound.
1:06 of 2nd period - Robert Hagg is hit by Jujhar Khaira and loses puck.
1:49 of 2nd period - Off-side.
1:50 of 2nd period - Gabriel Vilardi wins face-off versus Mikhail Maltsev in neutral zone.
1:55 of 2nd period - Wrist shot by Brendan Gallagher.
1:55 of 2nd period - Shot Misses the Net.
1:57 of 2nd period - Wrist shot by Mark Pysyk.
1:57 of 2nd period - Deflect By Marian Studenic.
1:57 of 2nd period - Stopped by Martin Jones with a rebound.
1:59 of 2nd period - Snap shot by Darren Helm.
1:59 of 2nd period - Shot Misses the Net.
2:01 of 2nd period - Wrist shot by Darren Helm.
2:01 of 2nd period - Stopped by Martin Jones without a rebound.
2:02 of 2nd period - Riley Nash wins face-off versus Gabriel Vilardi in Tucson Roadrunners zone.
2:13 of 2nd period - Wrist shot by Matthew Nieto.
2:13 of 2nd period - Goal by Matthew Nieto - Tucson Roadrunners : 1 - Long Beach Ice Dogs : 3.
2:14 of 2nd period - Riley Nash wins face-off versus Gabriel Vilardi in neutral zone.
2:19 of 2nd period - Slapshot by Rocco Grimaldi.
2:19 of 2nd period - Shot Misses the Net.
2:21 of 2nd period - Slapshot by Robert Hagg.
2:21 of 2nd period - Stopped by Spencer Martin with a rebound.
2:23 of 2nd period - Snap shot by Nicolas Meloche.
2:23 of 2nd period - Stopped by Spencer Martin without a rebound.
2:24 of 2nd period - Riley Nash wins face-off versus Gabriel Vilardi in Long Beach Ice Dogs zone.
2:25 of 2nd period - Wrist shot by Rocco Grimaldi.
2:25 of 2nd period - Stopped by Spencer Martin with a rebound.
2:29 of 2nd period - Wrist shot by Rocco Grimaldi.
2:29 of 2nd period - Stopped by Spencer Martin with a rebound.
2:39 of 2nd period - Snap shot by Riley Nash.
2:39 of 2nd period - Shot Misses the Net.
2:41 of 2nd period - Slapshot by Robert Hagg.
2:41 of 2nd period - Deflect By Justin Schultz.
2:41 of 2nd period - Stopped by Spencer Martin without a rebound.
2:42 of 2nd period - Victor Rask wins face-off versus Justin Danforth in Long Beach Ice Dogs zone.
2:45 of 2nd period - Wrist shot by William Carrier.
2:45 of 2nd period - Shot Misses the Net.
2:47 of 2nd period - Wrist shot by William Carrier.
2:47 of 2nd period - Shot Misses the Net.
2:49 of 2nd period - Wrist shot by Justin Danforth.
2:49 of 2nd period - Stopped by Spencer Martin without a rebound.
2:50 of 2nd period - Victor Rask wins face-off versus Justin Danforth in Long Beach Ice Dogs zone.
3:05 of 2nd period - Wrist shot by Justin Danforth.
3:05 of 2nd period - Stopped by Spencer Martin with a rebound.
3:34 of 2nd period - Snap shot by Victor Rask.
3:34 of 2nd period - Goal by Victor Rask - Tucson Roadrunners : 1 - Long Beach Ice Dogs : 4.
3:35 of 2nd period - Gabriel Vilardi wins face-off versus Riley Nash in neutral zone.
4:25 of 2nd period - Simon Benoit is hit by Mark Pysyk and loses puck.
4:33 of 2nd period - Snap shot by William Carrier.
4:33 of 2nd period - Deflect By Justin Danforth.
4:33 of 2nd period - Stopped by Spencer Martin without a rebound.
4:34 of 2nd period - Justin Danforth wins face-off versus Gabriel Vilardi in Long Beach Ice Dogs zone.
5:18 of 2nd period - Minor Penalty to Nicolas Meloche for Holding.
5:19 of 2nd period - Gabriel Vilardi wins face-off versus Matthew Nieto in Tucson Roadrunners zone.
5:48 of 2nd period - Snap shot by Zack Kassian.
5:48 of 2nd period - Shot Misses the Net.
5:58 of 2nd period - Wrist shot by Rocco Grimaldi.
5:58 of 2nd period - Shot Blocked by Justin Schultz.
6:00 of 2nd period - Snap shot by William Carrier.
6:00 of 2nd period - Shot Blocked by Alex Galchenyuk.
6:30 of 2nd period - William Lagesson is hit by Matthew Highmore and loses puck.
7:09 of 2nd period - Mikhail Maltsev is hit by Alex Galchenyuk.
7:18 of 2nd period - Penalty to Nicolas Meloche is over, Nicolas Meloche is back on ice.
7:49 of 2nd period - Snap shot by Scott Reedy.
7:49 of 2nd period - Stopped by Spencer Martin with a rebound.
8:22 of 2nd period - Jansen Harkins is hit by Matthew Nieto and loses puck.
9:02 of 2nd period - Alex Galchenyuk is hit by Riley Nash.
9:14 of 2nd period - Slapshot by Scott Reedy.
9:14 of 2nd period - Shot Misses the Net.
10:27 of 2nd period - Jansen Harkins is hit by Nicolas Meloche and loses puck.
10:46 of 2nd period - Minor Penalty to Trey Fix-Wolansky for Roughing.
10:47 of 2nd period - Brendan Gallagher wins face-off versus Justin Danforth in Long Beach Ice Dogs zone.
11:03 of 2nd period - Icing by Michal Kempny.
11:04 of 2nd period - Justin Danforth wins face-off versus Brendan Gallagher in Tucson Roadrunners zone.
11:04 of 2nd period - Justin Danforth is hit by Brendan Gallagher.
11:23 of 2nd period - Wrist shot by Justin Danforth.
11:23 of 2nd period - Shot Misses the Net.
11:31 of 2nd period - Wrist shot by William Carrier.
11:31 of 2nd period - Stopped by Spencer Martin with a rebound.
11:33 of 2nd period - Snap shot by Matthew Highmore.
11:33 of 2nd period - Shot Misses the Net.
11:35 of 2nd period - Slapshot by Simon Benoit.
11:35 of 2nd period - Shot Misses the Net.
11:37 of 2nd period - Wrist shot by Michal Kempny.
11:37 of 2nd period - Stopped by Spencer Martin without a rebound.
11:38 of 2nd period - Riley Nash wins face-off versus Brendan Gallagher in Long Beach Ice Dogs zone.
12:46 of 2nd period - Penalty to Trey Fix-Wolansky is over, Trey Fix-Wolansky is back on ice.
13:07 of 2nd period - Off-side.
13:08 of 2nd period - Shane Bowers wins face-off versus Cameron Hughes in neutral zone.
13:11 of 2nd period - Slapshot by Riley Stillman.
13:11 of 2nd period - Deflect By Matthew Nieto.
13:11 of 2nd period - Stopped by Martin Jones with a rebound.
13:13 of 2nd period - Wrist shot by Shane Bowers.
13:13 of 2nd period - Shot Misses the Net.
13:33 of 2nd period - William Lagesson is hit by Justin Danforth and loses puck.
13:55 of 2nd period - Slapshot by Logan Brown.
13:55 of 2nd period - Stopped by Martin Jones without a rebound.
13:56 of 2nd period - Logan Brown wins face-off versus Mikhail Maltsev in Tucson Roadrunners zone.
14:00 of 2nd period - Minor Penalty to Robert Hagg for Hooking.
14:01 of 2nd period - Gabriel Vilardi wins face-off versus Matthew Nieto in Tucson Roadrunners zone.
14:35 of 2nd period - Snap shot by Zack Kassian.
14:35 of 2nd period - Shot Blocked by Nicolas Meloche.
14:37 of 2nd period - Slapshot by Victor Rask.
14:37 of 2nd period - Goal by Victor Rask - Tucson Roadrunners : 1 - Long Beach Ice Dogs : 5.
14:37 of 2nd period - Jaroslav Halak enters game.
14:38 of 2nd period - Justin Danforth wins face-off versus Gabriel Vilardi in neutral zone.
14:45 of 2nd period - Snap shot by William Carrier.
14:45 of 2nd period - Shot Blocked by Brendan Gallagher.
14:47 of 2nd period - Wrist shot by Matthew Highmore.
14:47 of 2nd period - Shot Blocked by Mark Pysyk.
14:49 of 2nd period - Snap shot by Justin Danforth.
14:49 of 2nd period - Stopped by Spencer Martin without a rebound.
14:50 of 2nd period - Riley Nash wins face-off versus Gabriel Vilardi in Long Beach Ice Dogs zone.
15:44 of 2nd period - Wrist shot by Gabriel Vilardi.
15:44 of 2nd period - Shot Misses the Net.
15:46 of 2nd period - Snap shot by Gabriel Vilardi.
15:46 of 2nd period - Stopped by Jaroslav Halak with a rebound.
15:48 of 2nd period - Slapshot by Riley Stillman.
15:48 of 2nd period - Deflect By Brendan Gallagher.
15:48 of 2nd period - Goal by Brendan Gallagher - Tucson Roadrunners : 1 - Long Beach Ice Dogs : 6.
15:49 of 2nd period - Riley Nash wins face-off versus Victor Rask in neutral zone.
15:55 of 2nd period - Riley Stillman beats up Nicolas Meloche.
15:55 of 2nd period - Penalty to Riley Stillman for Fighting.
15:55 of 2nd period - Penalty to Nicolas Meloche for Fighting.
15:55 of 2nd period - Penalty to Nicolas Meloche for instigated a fight.
15:55 of 2nd period - Penalty to Nicolas Meloche for instigated a fight.
15:56 of 2nd period - Gabriel Vilardi wins face-off versus Matthew Nieto in neutral zone.
16:07 of 2nd period - Snap shot by Brendan Gallagher.
16:07 of 2nd period - Stopped by Jaroslav Halak with a rebound.
16:09 of 2nd period - Slapshot by Mark Pysyk.
16:09 of 2nd period - Deflect By Brendan Gallagher.
16:09 of 2nd period - Shot Misses the Net.
16:09 of 2nd period - Puck is out of play.
16:10 of 2nd period - Gabriel Vilardi wins face-off versus Matthew Nieto in Tucson Roadrunners zone.
16:15 of 2nd period - Wrist shot by Gabriel Vilardi.
16:15 of 2nd period - Stopped by Jaroslav Halak with a rebound.
16:17 of 2nd period - Snap shot by Darren Helm.
16:17 of 2nd period - Shot Blocked by Johnathan Kovacevic.
16:19 of 2nd period - Snap shot by Mark Pysyk.
16:19 of 2nd period - Shot Misses the Net.
17:55 of 2nd period - Penalty to Nicolas Meloche is over, Mikhail Maltsev is send on ice.
18:48 of 2nd period - Cameron Hughes is hit by Logan Brown.
19:10 of 2nd period - Jonathan Dahlen is hit by Gabriel Vilardi.
19:28 of 2nd period - Justin Schultz is hit by Rocco Grimaldi and loses puck.
19:43 of 2nd period - Logan Brown is hit by Matthew Nieto and loses puck.
Goals for this period are 1 for Tucson Roadrunners vs 3 for Long Beach Ice Dogs.
Shots for this period are 13 for Tucson Roadrunners vs 11 for Long Beach Ice Dogs.
3rd period
0:01 of 3rd period - Riley Nash wins face-off versus Gabriel Vilardi in neutral zone.
0:09 of 3rd period - Michal Kempny is hit by Brendan Gallagher and loses puck.
1:55 of 3rd period - Wrist shot by Jansen Harkins.
1:55 of 3rd period - Stopped by Jaroslav Halak with a rebound.
1:59 of 3rd period - Wrist shot by Logan Brown.
1:59 of 3rd period - Shot Misses the Net.
2:01 of 3rd period - Slapshot by Logan Brown.
2:01 of 3rd period - Stopped by Jaroslav Halak without a rebound.
2:02 of 3rd period - Justin Danforth wins face-off versus Victor Rask in Tucson Roadrunners zone.
2:09 of 3rd period - Snap shot by William Carrier.
2:09 of 3rd period - Goal by William Carrier - Tucson Roadrunners : 2 - Long Beach Ice Dogs : 6.
2:10 of 3rd period - Gabriel Vilardi wins face-off versus Riley Nash in neutral zone.
2:12 of 3rd period - Off-side.
2:13 of 3rd period - Gabriel Vilardi wins face-off versus Riley Nash in neutral zone.
2:42 of 3rd period - Slapshot by Justin Danforth.
2:42 of 3rd period - Stopped by Spencer Martin without a rebound.
2:43 of 3rd period - Victor Rask wins face-off versus Justin Danforth in Long Beach Ice Dogs zone.
3:14 of 3rd period - Snap shot by Riley Nash.
3:14 of 3rd period - Deflect By Rocco Grimaldi.
3:14 of 3rd period - Shot Misses the Net.
3:14 of 3rd period - Puck is out of play.
3:15 of 3rd period - Riley Nash wins face-off versus Gabriel Vilardi in Long Beach Ice Dogs zone.
3:22 of 3rd period - Wrist shot by Matthew Nieto.
3:22 of 3rd period - Deflect By Rocco Grimaldi.
3:22 of 3rd period - Stopped by Spencer Martin with a rebound.
3:24 of 3rd period - Wrist shot by Riley Nash.
3:24 of 3rd period - Shot Blocked by Justin Schultz.
3:26 of 3rd period - Slapshot by Robert Hagg.
3:26 of 3rd period - Stopped by Spencer Martin with a rebound.
3:28 of 3rd period - Slapshot by Nick Seeler.
3:28 of 3rd period - Shot Blocked by Justin Schultz.
3:30 of 3rd period - Snap shot by Robert Hagg.
3:30 of 3rd period - Deflect By Brendan Gallagher.
3:30 of 3rd period - Stopped by Spencer Martin without a rebound.
3:31 of 3rd period - Victor Rask wins face-off versus Justin Danforth in Long Beach Ice Dogs zone.
3:43 of 3rd period - Slapshot by Nick Seeler.
3:43 of 3rd period - Shot Blocked by Mark Pysyk.
3:48 of 3rd period - Minor Penalty to Zack Kassian for Hooking.
3:49 of 3rd period - Rocco Grimaldi wins face-off versus Brendan Gallagher in Long Beach Ice Dogs zone.
4:05 of 3rd period - Slapshot by Rocco Grimaldi.
4:05 of 3rd period - Shot Blocked by Brendan Gallagher.
5:37 of 3rd period - Robert Hagg is hit by Victor Rask and loses puck.
5:48 of 3rd period - Penalty to Zack Kassian is over, Zack Kassian is back on ice.
6:01 of 3rd period - Snap shot by Gabriel Vilardi.
6:01 of 3rd period - Stopped by Jaroslav Halak without a rebound.
6:02 of 3rd period - Mikhail Maltsev wins face-off versus Victor Rask in Tucson Roadrunners zone.
6:12 of 3rd period - Off-side.
6:13 of 3rd period - Riley Nash wins face-off versus Victor Rask in neutral zone.
6:16 of 3rd period - Wrist shot by Rocco Grimaldi.
6:16 of 3rd period - Goal by Rocco Grimaldi - Tucson Roadrunners : 3 - Long Beach Ice Dogs : 6.
6:17 of 3rd period - Gabriel Vilardi wins face-off versus Matthew Nieto in neutral zone.
6:43 of 3rd period - Victor Rask is hit by Nick Seeler and loses puck.
7:09 of 3rd period - Wrist shot by Mathieu Olivier.
7:09 of 3rd period - Stopped by Jaroslav Halak without a rebound.
7:10 of 3rd period - Mikhail Maltsev wins face-off versus Brendan Gallagher in Tucson Roadrunners zone.
7:15 of 3rd period - Wrist shot by Brendan Gallagher.
7:15 of 3rd period - Stopped by Jaroslav Halak without a rebound.
7:16 of 3rd period - Rocco Grimaldi wins face-off versus Gabriel Vilardi in Tucson Roadrunners zone.
7:16 of 3rd period - Rocco Grimaldi is hit by Yan Kuznetsov.
7:22 of 3rd period - Michal Kempny is hit by Olli Juolevi and loses puck.
8:13 of 3rd period - Snap shot by Marian Studenic.
8:13 of 3rd period - Shot Misses the Net.
9:01 of 3rd period - Victor Rask is hit by Rocco Grimaldi and loses puck.
9:25 of 3rd period - Wrist shot by Jansen Harkins.
9:25 of 3rd period - Shot Misses the Net.
9:39 of 3rd period - Jujhar Khaira is hit by Matthew Nieto and loses puck.
9:50 of 3rd period - Gabriel Vilardi is hit by Simon Benoit and loses puck.
10:55 of 3rd period - 10 Minutes Misconduct Penalty to Nicolas Meloche is over.
11:02 of 3rd period - Nicolas Meloche is hit by Alex Galchenyuk and loses puck.
11:22 of 3rd period - Snap shot by Mathieu Olivier.
11:22 of 3rd period - Stopped by Jaroslav Halak with a rebound.
11:24 of 3rd period - Slapshot by William Lagesson.
11:24 of 3rd period - Shot Misses the Net.
11:30 of 3rd period - Minor Penalty to William Carrier for Hooking.
11:31 of 3rd period - Gabriel Vilardi wins face-off versus Matthew Nieto in Tucson Roadrunners zone.
12:49 of 3rd period - Robert Hagg is hit by Brendan Gallagher.
13:15 of 3rd period - Simon Benoit is hit by Zack Kassian and loses puck.
13:30 of 3rd period - Penalty to William Carrier is over, William Carrier is back on ice.
13:46 of 3rd period - Justin Schultz is hit by Simon Benoit and loses puck.
14:05 of 3rd period - Snap shot by Jujhar Khaira.
14:05 of 3rd period - Stopped by Jaroslav Halak without a rebound.
14:06 of 3rd period - Logan Brown wins face-off versus Mikhail Maltsev in Tucson Roadrunners zone.
14:07 of 3rd period - Snap shot by Jansen Harkins.
14:07 of 3rd period - Stopped by Jaroslav Halak with a rebound.
14:09 of 3rd period - Wrist shot by Mathieu Olivier.
14:09 of 3rd period - Deflect By Logan Brown.
14:09 of 3rd period - Stopped by Jaroslav Halak with a rebound.
14:17 of 3rd period - Snap shot by Logan Brown.
14:17 of 3rd period - Stopped by Jaroslav Halak with a rebound.
14:19 of 3rd period - Slapshot by Yan Kuznetsov.
14:19 of 3rd period - Stopped by Jaroslav Halak with a rebound.
14:20 of 3rd period - Minor Penalty to Logan Brown for High sticking.
14:21 of 3rd period - Alex Galchenyuk wins face-off versus Justin Danforth in Long Beach Ice Dogs zone.
14:34 of 3rd period - Slapshot by Robert Hagg.
14:34 of 3rd period - Stopped by Spencer Martin without a rebound.
14:35 of 3rd period - Riley Nash wins face-off versus Alex Galchenyuk in Long Beach Ice Dogs zone.
14:48 of 3rd period - Snap shot by Riley Nash.
14:48 of 3rd period - Stopped by Spencer Martin with a rebound.
16:20 of 3rd period - Penalty to Logan Brown is over, Logan Brown is back on ice.
16:29 of 3rd period - Justin Danforth is hit by Darren Helm and loses puck.
16:55 of 3rd period - Icing by Nick Seeler.
16:56 of 3rd period - Logan Brown wins face-off versus Mikhail Maltsev in Tucson Roadrunners zone.
16:57 of 3rd period - Snap shot by Mathieu Olivier.
16:57 of 3rd period - Shot Blocked by Johnathan Kovacevic.
17:07 of 3rd period - Snap shot by Mikhail Maltsev.
17:07 of 3rd period - Stopped by Spencer Martin without a rebound.
17:08 of 3rd period - Logan Brown wins face-off versus Riley Nash in Long Beach Ice Dogs zone.
17:24 of 3rd period - Snap shot by Logan Brown.
17:24 of 3rd period - Stopped by Jaroslav Halak without a rebound.
17:25 of 3rd period - Gabriel Vilardi wins face-off versus Justin Danforth in Tucson Roadrunners zone.
17:34 of 3rd period - Darren Helm is hit by Robert Hagg and loses puck.
17:58 of 3rd period - Snap shot by Alex Galchenyuk.
17:58 of 3rd period - Shot Blocked by Matthew Nieto.
18:08 of 3rd period - Rocco Grimaldi is hit by Alex Galchenyuk and loses puck.
18:15 of 3rd period - Mark Pysyk is hit by Simon Benoit and loses puck.
18:20 of 3rd period - Wrist shot by Rocco Grimaldi.
18:20 of 3rd period - Goal by Rocco Grimaldi - Tucson Roadrunners : 4 - Long Beach Ice Dogs : 6.
18:21 of 3rd period - Logan Brown wins face-off versus Mikhail Maltsev in neutral zone.
18:23 of 3rd period - Riley Stillman is hit by Nicolas Meloche and loses puck.
18:47 of 3rd period - Minor Penalty to Nicolas Meloche for Tripping.
18:48 of 3rd period - Darren Helm wins face-off versus Matthew Nieto in Tucson Roadrunners zone.
19:17 of 3rd period - Wrist shot by Alex Galchenyuk.
19:17 of 3rd period - Goal by Alex Galchenyuk - Tucson Roadrunners : 4 - Long Beach Ice Dogs : 7.
19:18 of 3rd period - Gabriel Vilardi wins face-off versus Riley Nash in neutral zone.
19:54 of 3rd period - Snap shot by Victor Rask.
19:54 of 3rd period - Shot Misses the Net.
19:56 of 3rd period - Snap shot by Alex Galchenyuk.
19:56 of 3rd period - Stopped by Jaroslav Halak without a rebound.
19:57 of 3rd period - Justin Danforth wins face-off versus Logan Brown in Tucson Roadrunners zone.
19:57 of 3rd period - Justin Danforth is hit by Mathieu Olivier.
Goals for this period are 3 for Tucson Roadrunners vs 1 for Long Beach Ice Dogs.
Shots for this period are 10 for Tucson Roadrunners vs 14 for Long Beach Ice Dogs.
Back to the Top